 Dungeon Crawl Stone Soup version 0.32-a0-468-g38b2580584 (webtiles) character file.

Game seed: 2062082184956366734

853 PriceMaster the Magician (level 7, -2/32 HPs)
             Began as a Spriggan Earth Elementalist on Feb 24, 2024.
             Killed from afar by Ijyb (14 damage)
             ... with a bolt of light
             ... on level 5 of the Dungeon.
             The game lasted 00:09:29 (5724 turns).

PriceMaster the Magician (SpEE)                     Turns: 5724, Time: 00:09:29

Health: -2/32      AC:  5    Str:  4    XL:     7   Next: 70%
Magic:  16/19      EV: 18    Int: 16    God:
Gold:   237        SH:  0    Dex: 18    Spells: 14/21 levels left

rFire   . . .        (weapon restricted)
rCold   . . .        (no shield)
rNeg    . . .        a - +0 robe
rPois   .            s - +2 hat
rElec   .            o - +0 cloak
rCorr   .            (gloves unavailable)
SInv    +            (boots unavailable)
Will    +....        (no amulet)
Stlth   +++          (no ring)
HPRegen 0.25/turn    (no ring)
MPRegen 0.16/turn

%: no passive effects
@: very quick
A: very small, no large weapons, unfitting armour, see invisible, speed 3
a: no special abilities


You were on level 5 of the Dungeon.
You visited 1 branch of the dungeon, and saw 5 of its levels.

You collected 237 gold pieces.

Inventory:

Hand Weapons
 n - a +2 quarterstaff of protection
Missiles
 r - a throwing net
Armour
 a - a +0 robe (worn)
 o - a +0 cloak (worn)
 s - a +2 hat (worn)
Jewellery
 c - an amulet of faith
Wands
 t - a wand of flame (20)
Scrolls
 d - a scroll of poison
 e - a scroll of vulnerability
 f - a scroll of torment {unknown}
 h - a scroll of teleportation
 j - a scroll of noise
 l - a scroll of enchant armour
 m - a scroll of brand weapon
 p - 2 scrolls of fear
Potions
 b - a potion of magic
 k - a potion of heal wounds
 q - 2 potions of attraction


   Skills:
 + Level 0.1 Fighting
 + Level 3.5 Dodging
 + Level 3.8 Stealth
 + Level 7.6 Spellcasting
 + Level 1.0 Conjurations
 + Level 5.8 Earth Magic
 + Level 0.7 Alchemy


You had 14 spell levels left.
You knew the following spells:

 Your Spells              Type           Power      Damage    Failure   Level
a - Sandblast             Erth           48%        2d12      1%          1
b - Magic Dart            Conj           36%        1d4       8%          1
c - Sting                 Conj/Alch      36%        1d5       9%          1
d - Petrify               Alch/Erth      16%        N/A       30%         4

Your spell library contained the following spells:

 Spells                   Type           Power      Damage    Failure   Level
 Passwall                 Erth           24%        N/A       3%          3
 Stone Arrow              Conj/Erth      34%        3d9       9%          3
 Static Discharge         Conj/Air       14%        3-4/arc   14%         2
 Blink                    Tloc           12%        N/A       17%         2
 Call Imp                 Summ           12%        N/A       17%         2
 Brom's Barrelling Bould  Conj/Erth      17%        2d4       28%         4
 Airstrike                Air            3%         2d(1-17)  75%         4
 Summon Lightning Spire   Summ/Air       6%         N/A       75%         4


Dungeon Overview and Level Annotations

Branches:
Dungeon (5/15)
 Temple: D:4-7

Altars:
Ashenzari
Okawaru
Uskayaw
Yredelemnul

Shops:
D:3 :   D:5 [

Annotations:
D:5 Ijyb


Innate Abilities, Weirdness & Mutations

You are very small and have problems with some larger weapons.
You are too small for most types of armour.
You have supernaturally acute eyesight. (SInv)
You cover ground extremely quickly. (Speed+++)


Message History

Ijyb screams, "It's all mine!"
Casting: Sting (safe; 9% risk of failure)
Confirm with . or Enter, or press ? or * to list all spells.
Aiming: Sting (safe; 9% risk of failure)
Press: ? - help, Shift-Dir - straight line, f/p - Ijyb
Aim: Ijyb, wielding a +0 club, wearing a +0 leather armour and carrying a wand of light (lightly wounded, 60% to hit)
The sting hits Ijyb but does no damage.
Ijyb is poisoned.
Ijyb is lightly wounded.
Casting: Sting (safe; 9% risk of failure)
Confirm with . or Enter, or press ? or * to list all spells.
You can't see any susceptible monsters within range! (Use Z to cast anyway.)
Casting: Sting (safe; 9% risk of failure)
Confirm with . or Enter, or press ? or * to list all spells.
You can't see any susceptible monsters within range! (Use Z to cast anyway.)
Your +2 quarterstaff of protection goes still.
You are now empty-handed.
Casting: Sting (safe; 9% risk of failure)
Confirm with . or Enter, or press ? or * to list all spells.
Aiming: Sting (safe; 9% risk of failure)
Press: ? - help, Shift-Dir - straight line, f/p - Ijyb
Aim: Ijyb, wielding a +0 club, wearing a +0 leather armour and carrying a wand of light (lightly wounded, poisoned, 60% to hit)
The sting hits Ijyb but does no damage.
Ijyb looks even sicker.
Ijyb is lightly wounded.
Ijyb zaps a wand.
The bolt of light hits you!
You are confused.
You're too confused to cast spells.
Ijyb zaps a wand.
You stop removing your armour.
The bolt of light hits you!
You're too confused to cast spells.
Your magical effects are unravelling.
You feel magically purged.
You feel less confused.
Casting: Sting (safe; 9% risk of failure)
Confirm with . or Enter, or press ? or * to list all spells.
Aiming: Sting (safe; 9% risk of failure)
Press: ? - help, Shift-Dir - straight line, f/p - Ijyb
Aim: Ijyb, wielding a +0 club, wearing a +0 leather armour and carrying a wand of light (moderately wounded, very poisoned, 60% to hit)
The sting misses Ijyb.
Ijyb zaps a wand.
The bolt of light hits you!
You die...
Ijyb moans, "Good help so hard to find!"

.....#.# .. ##.#.#.#
####.#### ##.#.#.#
#.......# .......#
#.......# .#.....#
#.......# .###.#.###
#.......#
.##......####.......####
..................)....+
.##..>.#.####...@...##
.......#.# ####.#.##
########.# #g### #.#
#.o.# ..# ###o#######
### #.o......#
###.†#####.###.
#.......# ....
#.#..##.##..#..


You could see Ijyb (very poisoned) and an orc.

Vanquished Creatures
  Eustachio (D:4)
  Sigmund (D:2)
  A black bear (D:4)
  A phantom (D:5)
  A scorpion (D:5)
  2 hounds
  A sleepcap (D:4)
  Crazy Yiuf (D:2)
  7 gnolls (D:4)
  4 adders
  3 ribbon worms
  3 dart slugs
  7 orcs
  4 ball pythons
  3 bats
  8 endoplasms
  4 giant cockroaches
  17 goblins
  9 hobgoblins
  5 kobolds
  4 quokkas
  2 frilled lizards
  7 rats
96 creatures vanquished.

Notes
Turn   | Place    | Note
-------+----------+-------------------------------------------
     0 | D:1      | PriceMaster the Spriggan Earth Elementalist began the quest
                  | for the Orb.
     0 | D:1      | Reached XP level 1. HP: 9/9 MP: 5/5
   200 | D:1      | Reached XP level 2. HP: 13/13 MP: 3/6
   420 | D:1      | Reached skill level 3 in Spellcasting
   630 | D:1      | Learned a level 1 spell: Magic Dart
   777 | D:1      | Reached XP level 3. HP: 16/16 MP: 3/8
  1169 | D:2      | Found a runed translucent door.
  1170 | D:2      | Noticed Crazy Yiuf
  1230 | D:2      | Noticed Sigmund
  1245 | D:2      | Killed Sigmund
  1246 | D:2      | Reached skill level 5 in Spellcasting
  1246 | D:2      | Reached XP level 4. HP: 15/21 MP: 3/12
  1246 | D:2      | Reached XP level 5. HP: 17/24 MP: 3/13
  1463 | D:2      | Found a broken altar of Ashenzari.
  1976 | D:2      | Killed Crazy Yiuf
  2332 | D:3      | Found Eleenai's Book Emporium.
  2443 | D:3      | Reached XP level 6. HP: 28/28 MP: 10/15
  2557 | D:3      | Found a basalt altar of Yredelemnul.
  2619 | D:3      | Found an iron altar of Okawaru.
  2838 | D:3      | Found a faded altar of an unknown god.
  2841 | D:3      | Got Plato's Elucidation of Transmutation
  2920 | D:3      | Learned a level 1 spell: Sting
  3157 | D:4      | Reached skill level 5 in Earth Magic
  3472 | D:4      | Noticed Eustachio
  3802 | D:4      | Reached skill level 6 in Spellcasting
  4162 | D:4      | Reached XP level 7. HP: 28/32 MP: 8/17
  4864 | D:4      | Killed Eustachio
  4865 | D:4      | Reached skill level 7 in Spellcasting
  4865 | D:4      | Reached skill level 1 in Conjurations
  5329 | D:4      | Learned a level 4 spell: Petrify
  5375 | D:5      | Entered Level 5 of the Dungeon
  5451 | D:5      | Found a hide-covered altar of Uskayaw.
  5521 | D:5      | Found Gesakin's Armour Boutique.
  5697 | D:5      | Noticed Ijyb
  5724 | D:5      | Killed from afar by Ijyb

Illustrated notes

Levels and vault maps discovered:
D:1:      kennysheep_arrival_forest, layout_loops_ring
D:2:      cheibrodos_greedy_goblins, layout_loops_ring, basic_altar,
          nicolae_elevator_lobby_plus, uniq_crazy_yiuf_cottage, uniq_sigmund
D:3:      layout_loops_corners, mainiacjoe_overflow_catwalk, okawaru_gym_becter,
          shapermc_ecumenical_altar_rom_forum, serial_shops,
          nicolae_shop_tiny_real_fake_doors
D:4:      layout_basic, uniq_eustachio
D:5:      layout_loops_corners, nicolae_uskayaw_murder_on_the_dancefloor,
          minmay_temple_entry_poolview, serial_shops,
          nicolae_shop_window_shopping, uniq_ijyb

Skill      XL: |  1  2  3  4  5  6  7 |
---------------+----------------------+-----
Earth Magic    | 3 4 5 |  5.8
Spellcasting   | 3 5 6 7 |  7.6
Dodging        | 3 |  3.5
Conjurations   | 1 |  1.0
Fighting       | |  0.1
Stealth        | |  3.8
Alchemy        | |  0.7

Action                     |  1- 3 |  4- 6 |  7- 9 || total
---------------------------+-------+-------+-------++-------
  Melee: Unarmed           |     1 |       |       ||     1
         Quarterstaff      |       |       |    10 ||    10
   Cast: Sandblast         |    45 |    87 |    34 ||   166
         Magic Dart        |     5 |    12 |     2 ||    19
         Sting             |       |    14 |    11 ||    25
    Use: Scroll            |     1 |     5 |     6 ||    12
         Potion            |     1 |       |     3 ||     4
 Armour: Robe              |     3 |    36 |    17 ||    56
  Dodge: Dodged            |    18 |    52 |    34 ||   104

Table legend: (Time is in decaauts)
 A = Elapsed time spent in this place.
 B = Non-inter-level travel time spent in this place.
 C = Inter-level travel time spent in this place.
 D = Time resting spent in this place.
 E = Time spent auto-exploring this place.
 F = Levels seen in this place.
 G = Mean time per level.
                   A        B        C        D        E       F      G
               +--------+--------+--------+--------+--------+-----+--------+
         Total |   4508 |   4420 |     88 |    916 |   2840 |   5 |  901.6 |
       Dungeon |   4508 |   4420 |     88 |    916 |   2840 |   5 |  901.6 |
               +--------+--------+--------+--------+--------+-----+--------+

Top non-repeatable levels by time:
     D:4: 2031 daAuts
     D:2: 842 daAuts
     D:1: 752 daAuts
     D:3: 613 daAuts
     D:5: 268 daAuts
